 Dungeon Crawl Stone Soup version 0.26.1-11-gd32895ea62 (webtiles) character file.

Game seed: 3100344536001627209

24361 Juanitou the Ripper (level 12, 0/51 HPs)
             Began as a Felid Berserker on Apr 30, 2021.
             Was a High Priest of Trog.
             Slain by a cane toad (1 damage)
             ... while petrified by a basilisk
             ... on level 6 of the Lair of Beasts on May 25, 2021.
             The game lasted 04:19:43 (24573 turns).

Juanitou the Ripper (Felid Berserker)              Turns: 24573, Time: 04:19:43

Health: 0/51       AC:  3    Str: 17    XL:     12   Next: 80%
Magic:  0/13       EV:  4    Int:  9    God:    Trog [*****.]
Gold:   1149       SH:  0    Dex: 20    Spells: 11/11 levels left
                                        Lives:  0   Deaths: 3

rFire    . . .     SeeInvis +     - Unarmed
rCold    + + .     Faith    .   (shield unavailable)
rNeg     + + +     Spirit   +   (armour unavailable)
rPois    ∞         Reflect  .   (helmet unavailable)
rElec    +         Harm     .   (cloak unavailable)
rCorr    .         Rampage  .   (gloves unavailable)
Will     +....                  (boots unavailable)
Stlth    +++++++...             F - amulet of guardian spirit
HPRegen  0.17/turn              G - ring of poison resistance
MPRegen  0.13/turn              t - ring "Buis" {rElec rC+ Dex+4}

@: petrified, quick
A: very small, no armour, no weapons or thrown items, stealth, claws 1, fangs 3,
see invisible, speed 1, shaggy fur 3, sharp paws
a: Renounce Religion, Berserk, Trog's Hand, Brothers in Arms


You were on level 6 of the Lair of Beasts.
You worshipped Trog.
Trog was extremely pleased with you.
You visited 2 branches of the dungeon, and saw 18 of its levels.
You also visited: Volcano.

You collected 1759 gold pieces.
You spent 610 gold pieces at shops.

Inventory:

Jewellery
 o - an uncursed amulet of magic regeneration
 q - an uncursed ring of fire
 t - the ring "Buis" (right paw) {rElec rC+ Dex+4}
   (You found it on level 4 of the Dungeon)

   [ring of protection from cold]

   It affects your dexterity (+4).
   It protects you from cold.
   It insulates you from electricity.
 y - an uncursed ring of resist corrosion
 F - an amulet of guardian spirit (around neck)
 G - a ring of poison resistance (left paw)
 I - an uncursed ring of fire
 J - an uncursed ring of positive energy
 P - an uncursed ring of positive energy
Wands
 d - a wand of disintegration (13)
 m - a wand of flame (49)
 u - a wand of paralysis (30)
 v - a wand of polymorph (18)
 z - a wand of random effects (24)
 E - a wand of digging (9)
 H - a wand of iceblast (13)
 O - a wand of acid (11)
Scrolls
 a - 10 scrolls of identify
 b - 5 scrolls of teleportation
 c - 5 scrolls of amnesia
 e - 4 scrolls of blinking
 f - 13 scrolls of remove curse
 g - 5 scrolls of fog
 l - a scroll of immolation
 r - 3 scrolls of magic mapping
 w - a scroll of fear
 C - a scroll of random uselessness
 K - a scroll of silence
 R - a scroll of brand weapon {unknown}
 S - a scroll of vulnerability {unknown}
 T - a scroll of noise {unknown}
Potions
 h - 6 potions of flight
 i - 4 potions of might
 j - 2 potions of heal wounds
 k - a potion of attraction
 n - 4 potions of ambrosia
 p - 2 potions of mutation
 s - 14 potions of curing
 x - 2 potions of haste
 A - 3 potions of lignification
 B - 2 potions of invisibility
 D - 2 potions of resistance
 L - a potion of magic
 N - a potion of brilliance
 Q - a potion of berserk rage
Miscellaneous
 M - a box of beasts


   Skills:
 + Level 5.4 Fighting
 + Level 13.1 Dodging
 + Level 17.3 Stealth
 + Level 17.9 Unarmed Combat
 + Level 3.6 Evocations


You had 11 spell levels left.
You didn't know any spells.
Your spell library contained the following spells:

 Spells                   Type           Power        Failure   Level
 Animate Skeleton         Necr           0%           38%         1
 Apportation              Tloc           0%           38%         1
 Beastly Appendage        Tmut           0%           38%         1
 Corona                   Hex            0%           38%         1
 Summon Small Mammal      Summ           0%           38%         1
 Call Imp                 Summ           0%           52%         2
 Corpse Rot               Necr/Air       N/A          52%         2
 Ensorcelled Hibernation  Hex/Ice        0%           52%         2
 Sublimation of Blood     Necr           0%           52%         2
 Wereblood                Tmut           0%           52%         2
 Call Canine Familiar     Summ           0%           77%         3
 Confusing Touch          Hex            0%           77%         3
 Dazzling Flash           Conj/Hex       0%           77%         3
 Spider Form              Tmut/Pois      0%           77%         3
 Summon Guardian Golem    Hex/Summ       0%           77%         3
 Tukima's Dance           Hex            0%           77%         3
 Cause Fear               Hex            0%           99%         4
 Dispel Undead            Necr           0%           99%         4
 Ice Form                 Ice/Tmut       0%           99%         4
 Summon Ice Beast         Ice/Summ       0%           99%         4
 Summon Lightning Spire   Summ/Air       0%           99%         4
 Agony                    Necr           0%           100%        5
 Blade Hands              Tmut           0%           100%        5
 Irradiate                Conj/Tmut      0%           100%        5
 Silence                  Hex/Air        0%           100%        5
 Yara's Violent Unravell  Hex/Tmut       0%           100%        5
 Hydra Form               Tmut           0%           100%        6
 Statue Form              Tmut/Erth      0%           100%        6
 Dragon Form              Tmut           0%           100%        7
 Discord                  Hex            0%           100%        8
 Excruciating Wounds      Necr           Unusable     N/A         5

Dungeon Overview and Level Annotations

Branches:
Dungeon (12/15)            Temple (0/1) D:4            Lair (6/6) D:11
 Shoals (0/4) Lair:3        Snake (0/4) Lair:2        Slime (0/5) Lair:6
Volcano (visited)
    Orc: D:9-12

Altars:
Ashenzari
Cheibriados
Fedhas
Hepliaklqana
Makhleb
Nemelex Xobeh
Okawaru
Qazlal
Wu Jian
Xom

Shops:
D:6 !   D:11 *


Innate Abilities, Weirdness & Mutations

You cannot wear armour.
You are incapable of wielding weapons or throwing items.
Your paws allow you to move quietly. (Stealth)
You have sharp claws.
You have razor-sharp teeth.
You have supernaturally acute eyesight. (SInv)
You cover ground quickly.
Your thick and shaggy fur keeps you warm. (AC +3, rC+)
Your sharp claws are effective at attacking unaware monsters.


Message History

The basilisk bites you.
Your limbs are stiffening.
You mangle the basilisk!!
You kill the basilisk!
Trog accepts your kill.
You have turned to stone.
The cane toad barely misses you. The cane toad barely misses you.
The cane toad stings you!! The cane toad stings you!! The cane toad stings you!
The cane toad stings you!! The cane toad stings you.
The cane toad barely misses you. The cane toad stings you!
* * * LOW HITPOINT WARNING * * *
The cane toad stings you!!
* * * LOW HITPOINT WARNING * * *
The cane toad stings you.
* * * LOW HITPOINT WARNING * * *
The cane toad stings you.
* * * LOW HITPOINT WARNING * * *
The cane toad stings you.
You die...

###≈........# ...#.
.#..≈≈≈≈≈≈.P## ....
#..≈≈≈≈≈≈≈P..# ...##
#.≈≈≈≈≈≈≈≈.## ....###
##≈≈≈≈≈≈≈≈≈≈.## .......
#≈.≈≈≈≈≈≈≈≈≈..# .......
....≈≈†≈≈≈≈≈..####†......
....≈†<.≈≈≈≈#.##FF#...P..
................@F...≈...
...÷÷...P..#..........≈≈≈
.........###≈......≈≈≈≈P≈
.....##.## #....P≈≈≈≈≈≈≈≈
....##### #..≈≈≈≈≈≈≈≈≈≈≈
.....# ####≈≈≈≈≈≈P≈≈≈
.....## ####≈.≈≈≈≈≈
......# ###..≈≈ ......#
####


You could see 3 cane toads.

Vanquished Creatures
  Snorg (D:11)
  2 boulder beetles
  5 hydras
  A centaur warrior (D:7)
  7 two-headed ogres
  An ogre mage (Volcano)
  Sonja (Lair:3)
  2 ugly things
  A manticore (Lair:3)
  3 oklob plants (Lair:1)
  A wolf spider (Lair:2)
  6 elephants
  A molten gargoyle (Volcano)
  A black mamba (Lair:1)
  18 cane toads
  Maggie (D:7)
  An efreet (D:7)
  6 rime drakes
  12 komodo dragons
  3 polar bears
  A troll (D:10)
  A tengu conjurer (D:7)
  13 blink frogs
  A hornet (Lair:2)
  A wind drake (Lair:3)
  A vampire (D:9)
  A wraith (D:8)
  Sigmund (D:6)
  42 yaks
  2 fire bats (Volcano)
  3 wyverns
  3 basilisks (Lair:6)
  6 vampire mosquitoes
  2 acid dragons
  3 nagas (Lair:2)
  18 water moccasins
  Duvessa (D:6)
  A hornet zombie (D:8)
  5 ice beasts
  9 orc warriors
  3 black bears
  3 phantoms
  2 sky beasts
  34 wolves
  4 centaurs
  9 ogres
  2 big kobolds (D:8)
  26 bullfrogs
  A water moccasin zombie (D:11)
  5 scorpions
  Dowan (D:6)
  A water moccasin skeleton (D:7)
  12 wights
  4 electric eels
  5 howler monkeys
  4 lava snakes (Volcano)
  2 bullfrog zombies
  3 hounds
  3 jellies
  A gnoll shaman (D:9)
  11 orc priests
  3 bullfrog skeletons
  3 iguanas
  13 orc wizards
  Ijyb (D:3)
  5 worker ants
  2 hound zombies
  A hound skeleton (D:6)
  A worker ant zombie (D:5)
  14 adders
  15 gnolls
  3 shadow imps
  A white imp (D:10)
  4 ufetubi
  3 oozes (Lair:6)
  2 adder skeletons
  2 worms
  5 dart slugs
  5 leopard geckos
  45 orcs
  8 bats
  9 giant cockroaches
  14 hobgoblins
  11 jackals
  11 kobolds
  6 quokkas
  5 frilled lizards
  16 goblins
  A jackal skeleton (D:5)
  A jackal zombie (D:5)
  A leopard gecko skeleton (D:4)
  9 rats
  A bush (Lair:3)
546 creatures vanquished.

Vanquished Creatures (collateral kills)
  Nessos (Lair:5)
  A red draconian (Volcano)
  2 hydras
  A boulder beetle (Lair:4)
  A black mamba (Lair:5)
  An eye of devastation (D:8)
  A molten gargoyle (Volcano)
  A yak (Lair:4)
  A water moccasin (Lair:5)
  A bullfrog (Lair:1)
11 creatures vanquished.

Vanquished Creatures (others)
  2 water moccasins (Lair:6)
  A bush (Lair:6)
  115 fungi
  217 plants
335 creatures vanquished.

Grand Total: 892 creatures vanquished

Notes
Turn   | Place    | Note
-------+----------+-------------------------------------------
     0 | D:1      | Juanitou the Felid Berserker began the quest for the Orb.
     0 | D:1      | Reached XP level 1. HP: 10/10 MP: 2/2
   401 | D:1      | Reached XP level 2. HP: 14/14 MP: 3/3
  1104 | D:2      | Reached XP level 3. HP: 13/17 MP: 4/4
  1479 | D:2      | Reached ** piety under Trog
  1719 | D:2      | Reached skill level 1 in Stealth
  1900 | D:3      | Noticed Ijyb
  1909 | D:3      | Killed Ijyb
  1910 | D:3      | Reached skill level 5 in Dodging
  1910 | D:3      | Reached XP level 4. HP: 21/21 MP: 5/5
  2444 | D:3      | Found an iron altar of Okawaru.
  2659 | D:3      | Found a hazy altar of Hepliaklqana.
  2762 | D:3      | Reached XP level 5. HP: 18/24 MP: 6/6
  2990 | D:4      | Found a staircase to the Ecumenical Temple.
  2991 | D:4      | Got a twitching lapis lazuli ring
  2992 | D:4      | Identified the ring "Buis" {rElec rC+ Dex+4} (You found it
                  | on level 4 of the Dungeon)
  3004 | D:4      | Found a blossoming altar of Fedhas.
  3447 | D:4      | Found a shimmering altar of Xom.
  3463 | D:4      | Noticed an ogre
  3468 | D:4      | Killed an ogre
  3469 | D:4      | Reached skill level 5 in Unarmed Combat
  3469 | D:4      | Gained mutation: You are covered in thick fur. (AC +2)
                  | [Felid growth]
  3469 | D:4      | Reached XP level 6. HP: 4/28 MP: 7/7
  3826 | D:4      | Found an ornate altar of the Wu Jian Council.
  3992 | D:4      | Found a sparkling altar of Nemelex Xobeh.
  4049 | D:4      | Found a stormy altar of Qazlal.
  4049 | D:4      | Found a burning altar of Makhleb.
  4453 | D:5      | Entered Level 5 of the Dungeon
  4484 | D:5      | Noticed an ice beast
  4524 | D:5      | Killed an ice beast
  4525 | D:5      | Reached skill level 5 in Stealth
  4646 | D:5      | Reached XP level 7. HP: 31/31 MP: 8/8
  4899 | D:5      | Reached *** piety under Trog
  5518 | D:5      | Found a snail-covered altar of Cheibriados.
  5871 | D:6      | Reached XP level 8. HP: 36/36 MP: 9/9
  5922 | D:6      | Found Ziufun's Distillery.
  5925 | D:6      | Bought a potion of resistance for 120 gold pieces
  5925 | D:6      | Bought a potion of ambrosia for 96 gold pieces
  5925 | D:6      | Bought a potion of curing for 36 gold pieces
  6021 | D:6      | Noticed Dowan
  6048 | D:6      | Killed Dowan
  6061 | D:6      | Noticed Duvessa
  6088 | D:6      | Killed Duvessa
  6228 | D:6      | Noticed Sigmund
  6237 | D:6      | Killed Sigmund
  6736 | D:7      | Reached skill level 1 in Evocations
  6882 | D:7      | Reached XP level 9. HP: 34/39 MP: 10/10
  7005 | D:7      | Reached **** piety under Trog
  7037 | D:6      | Bought a potion of invisibility for 96 gold pieces
  7860 | D:8      | Found a broken altar of Ashenzari.
  8043 | D:7      | Noticed Maggie
  8085 | D:7      | Killed Maggie
  8103 | D:7      | Reached skill level 10 in Unarmed Combat
  8139 | D:7      | Noticed a centaur warrior
  8152 | D:7      | Killed a centaur warrior
  8154 | D:7      | Noticed a tengu conjurer
  8402 | D:8      | Found a broken altar of Ashenzari.
  8493 | D:8      | Reached XP level 10. HP: 30/43 MP: 11/11
  8674 | D:8      | Reached skill level 10 in Stealth
  9297 | D:8      | Noticed a two-headed ogre
  9299 | D:8      | Noticed a seven-headed hydra
  9418 | D:8      | Noticed an eye of devastation
  9418 | D:8      | a two-headed ogre changed into an eye of devastation
  9467 | D:8      | Killed an eye of devastation
  9557 | D:7      | Noticed a boulder beetle
  9708 | D:7      | Killed a boulder beetle
 10246 | D:9      | Reached ***** piety under Trog
 10394 | D:8      | Killed a seven-headed hydra
 10773 | D:9      | Reached XP level 11. HP: 46/46 MP: 12/12
 11210 | D:9      | Noticed a boulder beetle
 11217 | D:9      | Killed a boulder beetle
 11699 | D:10     | Entered Level 10 of the Dungeon
 11714 | D:10     | Noticed a two-headed ogre
 11934 | D:10     | Noticed a two-headed ogre
 11956 | D:10     | Killed a two-headed ogre
 12105 | D:10     | Killed a two-headed ogre
 12210 | D:10     | Found a sparkling altar of Nemelex Xobeh.
 12945 | D:11     | Found Remuymax's General Store.
 12945 | D:11     | Noticed a white ugly thing
 13138 | D:11     | Noticed Snorg
 13143 | D:11     | Killed Snorg
 13144 | D:11     | Reached skill level 10 in Dodging
 13151 | D:11     | Noticed a two-headed ogre
 13154 | D:11     | Killed a two-headed ogre
 13253 | D:11     | Killed a white ugly thing
 13269 | D:11     | Bought 2 potions of heal wounds for 150 gold pieces
 13269 | D:11     | Bought a scroll of blinking for 112 gold pieces
 13438 | D:11     | Found a staircase to the Lair.
 14077 | D:11     | Gained mutation: Your thick and shaggy fur keeps you warm.
                  | (AC +3, rC+) [Felid growth]
 14077 | D:11     | Reached XP level 12. HP: 41/50 MP: 10/13
 14198 | Lair:1   | Entered Level 1 of the Lair of Beasts
 14456 | Lair:1   | Demolished by a komodo dragon
 14457 | Lair:1   | Reached XP level 11. HP: -19/46 MP: 0/12
 14457 | Lair:1   | Noticed a six-headed hydra
 14460 | Lair:1   | Killed a six-headed hydra
 14654 | Lair:1   | Noticed a seven-headed hydra
 14683 | Lair:1   | Killed a seven-headed hydra
 15099 | Lair:1   | Reached skill level 15 in Stealth
 15251 | Lair:1   | Noticed an oklob plant
 15251 | Lair:1   | Noticed an oklob plant
 15254 | Lair:1   | Noticed an oklob plant
 15264 | Lair:1   | Killed an oklob plant
 15268 | Lair:1   | Killed an oklob plant
 15422 | Lair:1   | Killed an oklob plant
 15838 | Lair:2   | Found a staircase to the Snake Pit.
 15857 | Lair:2   | Reached skill level 15 in Unarmed Combat
 16276 | Lair:2   | Reached XP level 12. HP: 50/50 MP: 9/13
 17011 | Lair:3   | Noticed Sonja
 17011 | Lair:3   | Noticed an eight-headed hydra
 17036 | Lair:3   | Killed Sonja
 17041 | Lair:3   | Killed an eight-headed hydra
 17534 | Lair:3   | Found a staircase to the Shoals.
 19575 | Lair:4   | Reached skill level 5 in Fighting
 19744 | Lair:4   | Reached XP level 13. HP: 35/54 MP: 8/14
 20303 | Lair:4   | Reached ****** piety under Trog
 20381 | Lair:4   | Annihilated by a boulder beetle
 20382 | Lair:4   | Reached XP level 12. HP: -33/51 MP: 0/13
 20412 | Lair:4   | Killed a boulder beetle
 20716 | Lair:4   | Noticed a five-headed hydra
 20724 | Lair:4   | Killed a five-headed hydra
 21017 | Lair:5   | Found a dark tunnel.
 21064 | Lair:5   | Noticed Nessos
 21077 | Volcano  | Entered a volcano
 21829 | Volcano  | Found a bloodstained altar of Trog.
 21829 | Volcano  | Noticed a two-headed ogre
 21829 | Volcano  | Noticed an ogre mage
 21829 | Volcano  | Noticed a two-headed ogre
 21829 | Volcano  | Noticed a two-headed ogre
 21831 | Volcano  | Killed a two-headed ogre
 21834 | Volcano  | Killed an ogre mage
 21835 | Volcano  | Killed a two-headed ogre
 21836 | Volcano  | Killed a two-headed ogre
 21843 | Volcano  | Noticed a two-headed ogre
 21847 | Volcano  | Killed a two-headed ogre
 21851 | Volcano  | Noticed a red draconian
 21856 | Volcano  | Killed a red draconian
 22092 | Lair:5   | Mangled by a black mamba
 22093 | Lair:5   | Reached XP level 11. HP: -10/48 MP: 0/12
 22102 | Lair:5   | Killed Nessos
 22103 | Lair:5   | Reached XP level 12. HP: 44/51 MP: 6/13
 22212 | Lair:5   | Noticed a six-headed hydra
 22232 | Lair:5   | Killed a six-headed hydra
 22547 | Lair:5   | Found a blossoming altar of Fedhas.
 23008 | Lair:6   | Entered Level 6 of the Lair of Beasts
 23059 | Lair:6   | Noticed a seven-headed hydra
 23128 | Lair:6   | Noticed a six-headed hydra
 23143 | Lair:6   | Killed a six-headed hydra
 23733 | Lair:6   | Found a staircase to the Slime Pits.
 24572 | Lair:6   | HP: 2/51 [cane toad (2)]
 24573 | Lair:6   | Slain by a cane toad

Illustrated notes

Levels and vault maps discovered:
D:1:      heliophobic_arrival_henge, layout_basic
D:2:      layout_loops_ring, hangedman_glass_teeth, nrook_loot_triangle,
          minmay_puff
D:3:      layout_rooms, nzn_hepliaklqana_mist_gate, serial_corexii_hall,
          corexii_hall_statues_deadend, corexii_hall_statues_s,
          okawaru_ov_weapons_minmay, uniq_ijyb
D:4:      layout_loops_cross, fedhas_ov_isle_minmay,
          pdpol_wu_jian_five_deadly_venoms, xom_butterflies,
          lemuel_crystal_altar, gammafunk_temple_overflow_wave,
          minmay_temple_entry_trees
D:5:      corexii_shantytown, layout_rooms, marbit_many_paths
D:6:      layout_loops_cross, serial_shops, nicolae_shop_behind_doors,
          uniq_duvessa, uniq_sigmund
D:7:      minmay_klotski, layout_loops_ring, uniq_maggie
D:8:      nzn_winding_woodlands_stair_cross
          [nzn_winding_woodlands_5x15_sawtooth,
          nzn_winding_woodlands_center_diamonds, nzn_winding_woodlands_5x15_eye,
          nzn_winding_woodlands_5x5_checkerboard,
          nzn_winding_woodlands_5x5_three, nzn_winding_woodlands_5x15_pool,
          nzn_winding_woodlands_center_pierced_h,
          nzn_winding_woodlands_5x15_sidewinder], layout_basic,
          kennysheep_little_box, ashenzari_altar_1
D:9:      layout_irregular_city
D:10:     layout_basic, minmay_misc_feat_doors,
          nemelex_xobeh_ov_fountains_minmay
D:11:     layout_roguey, due_lair_maze_entry_diamond, serial_shops,
          nicolae_shop_competitors_out_of_business, uniq_snorg
D:12:     layout_long_grid, erik_orc_2, serial_shops, shop
Lair:1:   dpeg_oklob_gauntlet, layout_cave_pods, serial_bayou_shore_b,
          grunt_megastairs_3
Lair:2:   minmay_lair_venomous_thicket, layout_small_grid,
          minmay_snake_entry_guardpost_small
Lair:3:   layout_small_grid, minmay_shoals_entry_beasts,
          chequers_serial_rivers_micro_d, lemuel_fruit_tree, uniq_sonja
Lair:4:   layout_regular_city, chequers_serial_rivers_large_a,
          serial_bayou_lake_a
Lair:5:   layout_loops_ring, nicolae_volcano_entry_hallway,
          amcnicky_altar_gilded, uniq_nessos
Lair:6:   minmay_lair_end_frog_pond, layout_layer_cave,
          nicolae_slime_entry_slimehenge, infiniplex_staircase_pool

Skill      XL: |  1  2  3  4  5  6  7  8  9 10 11 12 |
---------------+-------------------------------------+-----
Stealth        | 2 3 4 5 7 8 9 11 15 17 | 17.3
Dodging        | 5 6 7 8 9 11 13 | 13.1
Unarmed Combat | 4 5 6 9 10 12 15 17 | 17.9
Fighting       | 4 5 |  5.4
Evocations     | 1 2 3 |  3.6

Action                   |  1- 3 |  4- 6 |  7- 9 | 10-12 | 13-15 || total
-------------------------+-------+-------+-------+-------+-------++-------
Melee: Unarmed           |    92 |   113 |   278 |  1025 |    58 ||  1566
       Bite              |    11 |    11 |    35 |   137 |     6 ||   200
       Punch             |       |     2 |    12 |    94 |     5 ||   113
Invok: Berserk           |     1 |     7 |    11 |    31 |     1 ||    51
       Trog's Hand       |       |     1 |     6 |    14 |       ||    21
       Brothers in Arms  |       |       |       |     8 |       ||     8
Evoke: Wand              |       |       |     8 |    16 |       ||    24
  Use: Scroll            |       |       |    10 |    13 |       ||    23
       Potion            |       |       |     1 |     2 |       ||     3
 Stab: Sleeping          |     6 |     9 |    22 |    67 |     3 ||   107
       Distracted        |       |       |     1 |     6 |     2 ||     9
       Paralysed         |       |       |     1 |     1 |       ||     2
Armor: Skin              |     4 |     4 |     6 |    18 |     2 ||    34
Dodge: Dodged            |    82 |    79 |   169 |   962 |    50 ||  1342
